 Dungeon Crawl Stone Soup version 0.22-a0-135-g6f012ad52b (webtiles) character file.

4664 MrRokkomies the Magician (level 10, -1/74 HPs)
             Began as a Gnoll Venom Mage on Jan 17, 2018.
             Was an Elder of Okawaru.
             Slain by a large slime creature (42 damage)
             ... on level 8 of the Dungeon on Feb 1, 2018.
             The game lasted 00:21:11 (7763 turns).

MrRokkomies the Magician (Gnoll Venom Mage)         Turns: 7763, Time: 00:21:11

Health: -1/74      AC: 11    Str: 11    XL:     10   Next: 44%
Magic:  20/20      EV: 17    Int: 24    God:    Okawaru [****..]
Gold:   365        SH:  0    Dex: 16    Spells: 13/23 levels left

rFire    x . .     SeeInvis +   F - +10 halberd of the Coward {elec, *Slow +Fly Int+4 SInv}
rCold    . . .     Gourm    .   (shield currently unavailable)
rNeg     + . .     Faith    .   y - +4 robe "Tisyirph" {rF- Slay+3 Stlth+}
rPois    .         Spirit   .   (no helmet)
rElec    .         Reflect  .   h - +0 cloak {+Inv}
rCorr    .         Harm     .   j - +0 pair of gloves
MR       .....     Clarity  +   C - +2 pair of boots
Stlth    +++++.....             w - amulet of magic regeneration
HPRegen  0.22/turn              i - ring of stealth
MPRegen  0.42/turn              G - ring of positive energy

@: no status effects
A: distributed training, fangs 1, clarity, deformed body, strong nose
a: Heroism, Renounce Religion, Evoke Invisibility, Evoke Flight


You were on level 8 of the Dungeon.
You worshipped Okawaru.
Okawaru was greatly pleased with you.
You were hungry.

You visited 2 branches of the dungeon, and saw 9 of its levels.

You collected 365 gold pieces.

Inventory:

Hand Weapons
 a - a +3 dagger of electrocution
 b - a +0 hunting sling
 r - a +1 dagger of flaming
 s - a +0 short sword of freezing
 F - the +10 halberd of the Coward (weapon) {elec, *Slow +Fly Int+4 SInv}
   (You found it on level 8 of the Dungeon)

   Occasionally, upon striking a foe, it will discharge some electrical energy
   and cause terrible harm.
   It affects your intelligence (+4).
   It lets you see invisible.
   It lets you fly.
   It may slow you when you take damage.
Missiles
 d - 2 throwing nets
 k - 3 javelins (quivered)
 l - 165 stones
 H - 3 javelins of penetration
Armour
 h - a +0 cloak of invisibility (worn)
 j - a +0 pair of gloves (worn)
 y - the +4 robe "Tisyirph" (worn) {rF- Slay+3 Stlth+}
   (You found it on level 5 of the Dungeon)

   It affects your accuracy and damage with ranged weapons and melee attacks
   (+3).
   It makes you vulnerable to fire.
   It makes you more stealthy.
 C - a +2 pair of boots (worn)
Jewellery
 i - a ring of stealth (left hand)
 w - an amulet of magic regeneration (around neck)
 z - a +2 ring of intelligence
 G - a ring of positive energy (right hand)
Scrolls
 m - a scroll of fear
 p - 2 scrolls of remove curse
 q - a scroll of magic mapping
 t - 2 scrolls of identify
 A - a scroll of teleportation
 I - a scroll of enchant weapon
 J - a scroll of immolation
Potions
 f - 3 potions of lignification
 g - 2 potions of haste
 n - 8 potions of curing
 o - 2 potions of heal wounds
 u - 2 potions of flight
 v - a potion of cancellation
 x - a potion of berserk rage
 B - a potion of magic
 D - 2 potions of invisibility
Books
 e - a Young Poisoner's Handbook

   Spells                             Type                      Level
   a - Sting                          Conjuration/Poison           1
   b - Poisonous Vapours              Poison/Air                   2
   c - Mephitic Cloud                 Conjuration/Poison/Air       3
   d - Olgreb's Toxic Radiance        Poison                       4
   e - Venom Bolt                     Conjuration/Poison           5
Comestibles
 c - 12 rations


   Skills:
 + Level 5.2 Fighting
 + Level 5.2 Short Blades
 + Level 5.2 Long Blades
 + Level 5.2 Axes
 + Level 5.2 Maces & Flails
 + Level 5.2 Polearms
 + Level 5.2 Staves
 + Level 5.2 Slings
 + Level 5.2 Bows
 + Level 5.2 Crossbows
 + Level 5.2 Throwing
 + Level 5.2 Armour
 + Level 7.0 Dodging
 + Level 6.7 Stealth
 + Level 5.2 Shields
 + Level 5.2 Unarmed Combat
 + Level 7.3 Spellcasting
 + Level 4.8 Conjurations
 + Level 4.3 Hexes
 + Level 4.3 Charms
 + Level 4.3 Summonings
 + Level 4.3 Necromancy
 + Level 4.3 Translocations
 + Level 4.3 Transmutations
 + Level 4.3 Fire Magic
 + Level 4.3 Ice Magic
 + Level 4.3 Air Magic
 + Level 4.3 Earth Magic
 + Level 7.0 Poison Magic
 + Level 5.7 Invocations
 + Level 5.2 Evocations


You had 13 spell levels left.
You knew the following spells:

 Your Spells              Type           Power        Failure   Level  Hunger
a - Sting                 Conj/Pois      ####         1%          1    None
b - Poisonous Vapours     Pois/Air       #####.       1%          2    None
c - Mephitic Cloud        Conj/Pois/Air  ####....     2%          3    None
d - Olgreb's Toxic Radia  Pois           #####...     3%          4    ###....


Dungeon Overview and Level Annotations

Branches:
Dungeon (8/15)             Temple (1/1) D:4
   Lair: D:8-11

Altars:
Ashenzari
Dithmenos
Elyvilon
Fedhas
Gozag
Hepliaklqana
Kikubaaqudgha
Makhleb
Nemelex Xobeh
Okawaru
Qazlal
Ru
Sif Muna
Trog
Uskayaw
Vehumet
Xom
Yredelemnul
Zin
The Shining One

Shops:
D:5 =


Innate Abilities, Weirdness & Mutations

Your experience applies equally to all skills.
You have very sharp teeth.
Your uncanny sense of smell can sniff out nearby items.
You possess an exceptional clarity of mind.
Armour fits poorly on your strangely shaped body.


Message History

You see here a big kobold corpse.
You see here a stone.
You are feeling hungry.
There is an open door here.
You see here a mace.
Things that are here:
a short sword; a robe; 5 stones
There is an open gate here.
Evoke which item? (* to show all) (? for menu, Esc to quit)
Okay, then.
Unknown command.
You barely miss the large slime creature.
The large slime creature is moderately wounded.
The large slime creature misses you.
You barely miss the large slime creature.
The large slime creature is moderately wounded.
The large slime creature closely misses you.
The large slime creature hits you!!!
Ouch! That really hurt!
You die...

#..#.#.^._P^# #######
#######.#...#.P...#####.....#
#.......#####^.PP.#.........#
##...........#######.###.....#
#...................#...######
......J...#.##....##.....##
'''###...##.#####.........######
...####..##.######....†.........
..).###.......JJ@..............
.)..)######.######.#...<.......
....)# #.# #.........#### ...).#
##.######.........# ...).#
......>...........##### #).).#
##.#######............# '....#
#.# #.#..........# ###### #.#
#.##.........# J†JJ##
#.##.........#


You could see a large slime creature and an ooze.

Vanquished Creatures
  Pikel (D:7)
  A queen bee (D:8)
  Prince Ribbit (D:5)
  A slime creature (D:8)
  Eustachio (D:6)
  Edmund (D:6)
  3 sky beasts
  A phantom (D:6)
  2 orc warriors
  A necrophage (D:6)
  2 centaurs (D:7)
  4 ogres
  2 big kobolds (D:8)
  Blork the orc (D:6)
  4 bullfrogs
  2 scorpions
  8 killer bees (D:8)
  5 wights (D:6)
  A howler monkey (D:8)
  A jelly (D:8)
  2 bullfrog zombies
  A centaur zombie (D:8)
  3 crimson imps
  A quasit (D:6)
  2 hounds (D:4)
  An orc priest (D:6)
  4 orc wizards
  Crazy Yiuf (D:7)
  2 bullfrog skeletons (D:5)
  3 iguanas
  7 worker ants
  11 adders
  4 gnolls (D:5)
  3 oozes (D:8)
  An adder skeleton (D:4)
  4 worms
  3 dart slugs
  9 leopard geckos
  18 orcs
  A ball python (D:2)
  7 giant cockroaches
  7 goblins
  10 hobgoblins
  5 jackals
  16 kobolds
  3 quokkas
  6 bats
  2 frilled lizards
  A jackal zombie (D:7)
  7 rats
188 creatures vanquished.

Vanquished Creatures (others)
  11 fungi (D:8)
  12 toadstools
23 creatures vanquished.

Grand Total: 211 creatures vanquished

Notes
Turn   | Place    | Note
-------+----------+-------------------------------------------
     0 | D:1      | MrRokkomies the Gnoll Venom Mage began the quest for the Orb.
     0 | D:1      | Reached XP level 1. HP: 13/13 MP: 6/6
   199 | D:1      | Upgraded the game from 0.22-a0-78-g0f8607c5c5 to 0.22-a0-108-g89a73045dd
   282 | D:1      | Reached XP level 2. HP: 19/19 MP: 7/7
   312 | D:1      | Learned a level 2 spell: Poisonous Vapours
   608 | D:1      | Upgraded the game from 0.22-a0-108-g89a73045dd to 0.22-a0-135-g6f012ad52b
   629 | D:1      | Reached XP level 3. HP: 8/25 MP: 9/9
   661 | D:1      | Reached skill level 5 in Spellcasting
   867 | D:1      | Learned a level 3 spell: Mephitic Cloud
  1203 | D:2      | Reached skill level 1 in Invocations
  1260 | D:2      | Reached skill level 1 in Fighting
  1260 | D:2      | Reached skill level 1 in Short Blades
  1260 | D:2      | Reached skill level 1 in Long Blades
  1260 | D:2      | Reached skill level 1 in Axes
  1260 | D:2      | Reached skill level 1 in Maces & Flails
  1260 | D:2      | Reached skill level 1 in Polearms
  1260 | D:2      | Reached skill level 1 in Staves
  1260 | D:2      | Reached skill level 1 in Slings
  1260 | D:2      | Reached skill level 1 in Bows
  1260 | D:2      | Reached skill level 1 in Crossbows
  1260 | D:2      | Reached skill level 1 in Throwing
  1260 | D:2      | Reached skill level 1 in Armour
  1260 | D:2      | Reached skill level 1 in Shields
  1260 | D:2      | Reached skill level 1 in Unarmed Combat
  1260 | D:2      | Reached skill level 1 in Evocations
  1275 | D:2      | Reached XP level 4. HP: 12/32 MP: 1/11
  1613 | D:2      | Gained mutation: Armour fits poorly on your strangely shaped body. [potion of mutation]
  1613 | D:2      | Gained mutation: You possess an exceptional clarity of mind. [potion of mutation]
  2092 | D:3      | Reached skill level 1 in Hexes
  2092 | D:3      | Reached skill level 1 in Charms
  2092 | D:3      | Reached skill level 1 in Summonings
  2092 | D:3      | Reached skill level 1 in Necromancy
  2092 | D:3      | Reached skill level 1 in Translocations
  2092 | D:3      | Reached skill level 1 in Transmutations
  2092 | D:3      | Reached skill level 1 in Fire Magic
  2092 | D:3      | Reached skill level 1 in Ice Magic
  2092 | D:3      | Reached skill level 1 in Air Magic
  2092 | D:3      | Reached skill level 1 in Earth Magic
  2101 | D:3      | Learned a level 4 spell: Olgreb's Toxic Radiance
  2400 | D:3      | You fall through a shaft for 2 floors!
  2400 | D:5      | Entered Level 5 of the Dungeon
  2440 | D:5      | Reached XP level 5. HP: 37/37 MP: 7/12
  2618 | D:4      | Found a staircase to the Ecumenical Temple.
  2626 | Temple   | Entered the Ecumenical Temple
  2692 | Temple   | Became a worshipper of Warmaster Okawaru
  2734 | D:4      | Reached XP level 6. HP: 30/44 MP: 13/13
  3065 | D:4      | Reached skill level 5 in Dodging
  3077 | D:4      | Reached * piety under Okawaru
  3604 | D:3      | Found a deep blue altar of Sif Muna.
  3848 | D:3      | Reached XP level 7. HP: 50/50 MP: 15/15
  4392 | D:5      | Noticed Prince Ribbit
  4394 | D:5      | Found a glowing silver altar of Zin.
  4396 | D:5      | Killed Prince Ribbit
  4396 | D:5      | Reached skill level 5 in Stealth
  4469 | D:5      | Reached XP level 8. HP: 57/57 MP: 14/16
  4790 | D:5      | Found Xuinioxt's Jewellery Boutique.
  4953 | D:5      | Got an ichor-stained robe
  4964 | D:5      | Identified the +4 robe "Tisyirph" {rF- Slay+3 Stlth+} (You found it on level 5 of the Dungeon)
  5019 | D:5      | Found a glowing silver altar of Zin.
  5461 | D:6      | Found a bloodstained altar of Trog.
  5495 | D:6      | Reached ** piety under Okawaru
  5564 | D:6      | Noticed Eustachio
  5576 | D:6      | Noticed Edmund
  5586 | D:6      | Killed Eustachio
  5586 | D:6      | Reached XP level 9. HP: 51/65 MP: 15/18
  5588 | D:6      | Killed Edmund
  5842 | D:6      | Noticed Blork the orc
  5849 | D:6      | Killed Blork the orc
  5969 | D:6      | Reached *** piety under Okawaru
  6295 | D:6      | Found a shimmering altar of Xom.
  6503 | D:7      | Found a bloodstained altar of Trog.
  6805 | D:7      | Found a runed door.
  6809 | D:7      | Noticed Crazy Yiuf
  6815 | D:7      | Killed Crazy Yiuf
  7067 | D:7      | Noticed Pikel
  7075 | D:7      | Killed Pikel
  7075 | D:7      | Reached skill level 5 in Invocations
  7303 | D:8      | Found a sparkling altar of Nemelex Xobeh.
  7401 | D:8      | Got an encrusted halberd
  7402 | D:8      | Identified the +10 halberd of the Coward {elec, *Slow +Fly Int+4 SInv} (You found it on level 8 of the Dungeon)
  7462 | D:8      | Reached **** piety under Okawaru
  7462 | D:8      | Received a gift from Okawaru
  7462 | D:8      | Reached XP level 10. HP: 62/73 MP: 20/20
  7570 | D:8      | Received a gift from Okawaru
  7570 | D:8      | Reached skill level 5 in Fighting
  7570 | D:8      | Reached skill level 5 in Short Blades
  7570 | D:8      | Reached skill level 5 in Long Blades
  7570 | D:8      | Reached skill level 5 in Axes
  7570 | D:8      | Reached skill level 5 in Maces & Flails
  7570 | D:8      | Reached skill level 5 in Polearms
  7570 | D:8      | Reached skill level 5 in Staves
  7570 | D:8      | Reached skill level 5 in Slings
  7570 | D:8      | Reached skill level 5 in Bows
  7570 | D:8      | Reached skill level 5 in Crossbows
  7570 | D:8      | Reached skill level 5 in Throwing
  7570 | D:8      | Reached skill level 5 in Armour
  7570 | D:8      | Reached skill level 5 in Shields
  7570 | D:8      | Reached skill level 5 in Unarmed Combat
  7570 | D:8      | Reached skill level 5 in Evocations
  7665 | D:8      | Found a sacrificial altar of Ru.
  7763 | D:8      | Slain by a large slime creature

Vault maps used:
D:1:      ldierk_walled_garden
D:3:      nicolae_overflow_hidden_temple
D:4:      minmay_temple_entry_water_ring
D:5:      zin_statuary, basic_altar, serial_shops, nicolae_shop_crystal,
          first_ration, uniq_prince_ribbit1
D:6:      lemuel_crystal_altar, marbit_many_paths, uniq_edmund, uniq_eustachio,
          uniq_blork_the_orc
D:7:      trog_three_pillars_becter, uniq_crazy_yiuf_cottage, uniq_pikel
D:8:      cheibrodos_fertilizer, nemelex_xobeh_ov_fountains_minmay,
          nicolae_ru_the_path_less_chosen, david_nohive_1
Temple:   eino_temple_scatter_basement

Skill      XL: |  1  2  3  4  5  6  7  8  9 10 |
---------------+-------------------------------+-----
Conjurations   | 2 3 4 |  4.8
Spellcasting   | 5 6 7 |  7.3
Invocations    | 1 2 3 4 5 |  5.7
Fighting       | 1 2 3 4 5 |  5.2
Short Blades   | 1 2 3 4 5 |  5.2
Long Blades    | 1 2 3 4 5 |  5.2
Axes           | 1 2 3 4 5 |  5.2
Maces & Flails | 1 2 3 4 5 |  5.2
Polearms       | 1 2 3 4 5 |  5.2
Staves         | 1 2 3 4 5 |  5.2
Slings         | 1 2 3 4 5 |  5.2
Bows           | 1 2 3 4 5 |  5.2
Crossbows      | 1 2 3 4 5 |  5.2
Throwing       | 1 2 3 4 5 |  5.2
Armour         | 1 2 3 4 5 |  5.2
Shields        | 1 2 3 4 5 |  5.2
Unarmed Combat | 1 2 3 4 5 |  5.2
Evocations     | 1 2 3 4 5 |  5.2
Hexes          | 1 2 3 4 |  4.3
Charms         | 1 2 3 4 |  4.3
Summonings     | 1 2 3 4 |  4.3
Necromancy     | 1 2 3 4 |  4.3
Translocations | 1 2 3 4 |  4.3
Transmutations | 1 2 3 4 |  4.3
Fire Magic     | 1 2 3 4 |  4.3
Ice Magic      | 1 2 3 4 |  4.3
Air Magic      | 1 2 3 4 |  4.3
Earth Magic    | 1 2 3 4 |  4.3
Dodging        | 5 6 7 |  7.0
Stealth        | 5 6 |  6.7
Poison Magic   | 6 7 |  7.0

Action                   |  1- 3 |  4- 6 |  7- 9 | 10-12 || total
-------------------------+-------+-------+-------+-------++-------
Melee: Spear             |    49 |       |       |       ||    49
       Bite              |    13 |     8 |    17 |     9 ||    47
       Dagger            |    66 |   135 |   192 |       ||   393
       Punch             |       |       |     3 |       ||     3
       Halberd           |       |       |     7 |    68 ||    75
Throw: Javelin           |     1 |       |       |       ||     1
 Cast: Sting             |     4 |     1 |     4 |       ||     9
       Poisonous Vapours |     5 |    12 |    17 |     2 ||    36
       Olgreb's Toxic Ra |       |     1 |     1 |     2 ||     4
       Mephitic Cloud    |       |       |     6 |       ||     6
 Abil: Evoke Invisibilit |       |       |     1 |       ||     1
  Use: Potion            |     1 |     1 |       |       ||     2
       Scroll            |     6 |     8 |     7 |       ||    21
 Stab: Sleeping          |    11 |    11 |    17 |       ||    39
       Confused          |       |       |     3 |       ||     3
       Invisible         |       |       |     1 |       ||     1
  Eat: Chunk             |     1 |     7 |    10 |     1 ||    19
       Ration            |       |       |     1 |       ||     1
Armor: Robe              |    12 |    20 |    42 |    18 ||    92
       Skin              |     1 |       |       |       ||     1
Dodge: Dodged            |    74 |    80 |   121 |    51 ||   326

Table legend:
 A = Spawn XP
 B = Non-spawn XP
 C = Spawn XP percentage of total XP
 D = Spawn monster count
 E = Non-spawn monster count
 F = Spawn count percentage of total count
 G = Total turns spent on level
                    A         B        C        D         E        F      G
               +---------+---------+-------+---------+---------+-------+---------
         Total |       0 |    6663 |   0.0 |       0 |     188 |   0.0 |  7763
               +---------+---------+-------+---------+---------+-------+---------
           D:1 |       0 |      51 |   0.0 |       0 |      29 |   0.0 |  1183
           D:2 |       0 |      75 |   0.0 |       0 |      21 |   0.0 |   880
           D:3 |       0 |      36 |   0.0 |       0 |       8 |   0.0 |  1064
           D:4 |       0 |     347 |   0.0 |       0 |      20 |   0.0 |   990
           D:5 |       0 |    1046 |   0.0 |       0 |      29 |   0.0 |  1256
           D:6 |       0 |    1971 |   0.0 |       0 |      30 |   0.0 |   904
           D:7 |       0 |     957 |   0.0 |       0 |       9 |   0.0 |   938
           D:8 |       0 |    2180 |   0.0 |       0 |      42 |   0.0 |   464
               +---------+---------+-------+---------+---------+-------+---------
